 Dungeon Crawl Stone Soup version 0.28-a0-991-g956f0ee3d5 (webtiles) character file.

Game seed: 8569188710613716882

378 voltaire321 the Magician (level 6, -2/35 HPs)
             Began as a Deep Elf Earth Elementalist on Dec 5, 2021.
             Shot with an arrow by a centaur (7 damage)
             ... on level 5 of the Dungeon.
             The game lasted 00:13:44 (6527 turns).

voltaire321 the Magician (DEEE)                     Turns: 6527, Time: 00:13:45

Health: -2/35      AC:  3    Str:  5    XL:     6   Next: 45%
Magic:  21/23      EV: 14    Int: 20    God:
Gold:   156        SH:  0    Dex: 17    Spells: 5/14 levels left

rFire   . . .      SeeInvis .   a - +0 dagger (freeze)
rCold   . . .      Faith    .   (no shield)
rNeg    . . .      Spirit   .   b - +0 robe
rPois   .          Reflect  .   (no helmet)
rElec   .          Harm     .   r - +0 cloak
rCorr   .          Rampage  .   (no gloves)
Will    .....                   (no boots)
Stlth   ++........              (no amulet)
HPRegen 0.11/turn               l - ring of magical power
MPRegen 0.18/turn               (no ring)

@: no status effects
A: no striking features
a: no special abilities


You were on level 5 of the Dungeon.
You visited 1 branch of the dungeon, and saw 5 of its levels.

You collected 180 gold pieces.
You spent 24 gold pieces at shops.

Inventory:

Hand Weapons
 a - a +0 dagger of freezing (weapon)
Missiles
 c - 24 stones
Armour
 b - a +0 robe (worn)
 r - a +0 cloak (worn)
Jewellery
 l - a ring of magical power (left hand)
Scrolls
 f - a scroll of fog
 h - a scroll of magic mapping
 p - 3 scrolls of teleportation
Potions
 d - a potion of mutation
 e - 2 potions of flight
 j - 2 potions of degeneration {unknown}
 k - a potion of attraction {unknown}
 m - 2 potions of berserk rage
 n - a potion of haste {unknown}
 o - a potion of lignification {unknown}
 q - a potion of brilliance {unknown}


   Skills:
 + Level 1.9 Fighting
 + Level 4.1 Dodging
 - Level 2.4 Stealth
 + Level 1.9 Unarmed Combat
 + Level 4.5 Spellcasting
 + Level 3.1 Transmutations
 + Level 4.2 Earth Magic


You had 5 spell levels left.
You knew the following spells:

 Your Spells              Type           Power      Damage    Failure   Level
a - Sandblast             Erth           42%        2d11      1%          1
b - Passwall              Tmut/Erth      15%        N/A       4%          2
c - Stone Arrow           Conj/Erth      26%        3d8       16%         3
d - Spider Form           Tmut/Pois      10%        N/A       19%         3

Your spell library contained the following spells:

 Spells                   Type           Power      Damage    Failure   Level
 Foxfire                  Conj/Fire      16%        2x1d4     12%         1
 Shock                    Conj/Air       16%        1d4       12%         1
 Ensorcelled Hibernation  Hex/Ice        8%         N/A       19%         2
 Petrify                  Tmut/Erth      19%        N/A       26%         4
 Conjure Flame            Conj/Fire      4%         6-21      36%         3
 Inner Flame              Hex/Fire       4%         N/A       36%         3
 Swiftness                Air            4%         N/A       36%         3
 Animate Armour           Summ/Erth      26%        N/A       45%         4
 Airstrike                Air            2%         N/A       77%         4
 Flame Wave               Conj/Fire      4%         2d4       77%         4
 Summon Forest            Summ/Tloc      2%         N/A       98%         5
 Lehudib's Crystal Spear  Conj/Erth      6%         10d3      100%        8


Dungeon Overview and Level Annotations

Branches:
Dungeon (5/15)
 Temple: D:4-7

Altars:
Dithmenos
Gozag
Uskayaw
Wu Jian

Shops:
D:2 ?   D:4 *

Annotations:
D:4 3 runed translucent doors, McGhostyFace's ghost, amateur GnDe


Message History

c - 26 stones (gained 23)
You now have 138 gold pieces (gained 9).
Found a stone staircase leading down.
A centaur comes into view.
You see here 18 gold pieces.
You see here 18 gold pieces.
You now have 156 gold pieces (gained 18).
The centaur shouts!
The centaur wields a +0 shortbow.
The centaur shoots an arrow.
The arrow closely misses you.
A hound comes into view.
The centaur shoots an arrow.
The arrow hits you.
You see here a scroll of teleportation.
p - 3 scrolls of teleportation (gained 1)
The centaur shoots an arrow.
The arrow misses you.
The centaur shoots an arrow.
The arrow hits you!
The centaur shoots an arrow.
The arrow closely misses you.
Found a stone staircase leading up.
The centaur shoots an arrow.
The arrow hits you!
You hit the hound but do no damage. The hound bites you but does no damage.
Casting: Stone Arrow (quite dangerous; 16% risk of failure)
Confirm with . or Enter, or press ? or * to list all spells.
Aiming: Sandblast (safe; 1% risk of failure)
Press: ? - help, Shift-Dir - straight line, f - hound
Aim: a hound (73% to hit)
The blast of sand hits the hound!
The hound is severely wounded.
The hound bites you.
The centaur shoots an arrow.
The arrow closely misses you. The hound bites you.
* * * LOW HITPOINT WARNING * * *
Casting: Sandblast (safe; 1% risk of failure)
Confirm with . or Enter, or press ? or * to list all spells.
Aiming: Sandblast (safe; 1% risk of failure)
Press: ? - help, Shift-Dir - straight line, f/p - hound
Aim: a hound (severely wounded, 73% to hit)
The blast of sand misses the hound.
The centaur shoots an arrow.
The arrow hits you.
* * * LOW HITPOINT WARNING * * *
The hound barely misses you.
The centaur shoots an arrow.
The arrow hits you!
You die...

#..........#
#.........###
####..........##.
##.......#.......#
................##
##........###.c.#####
##..........###......#
###.....#......##..#
............>..h@..#
...................#
###............###.#
##...........# #.#
##.##........# <#
###..###...###.## #.
.....###...###..# #.
......##....##.. . ##
.......#....... .#


You could see a centaur and a hound.

Vanquished Creatures
  A centaur skeleton (D:4)
  Crazy Yiuf (D:3)
  Terence (D:3)
  Natasha (thrice) (D:2)
  An orc wizard (D:3)
  Robin (D:2)
  7 gnolls
  2 adders (D:2)
  A worm (D:4)
  4 dart slugs
  4 orcs (D:3)
  4 endoplasms
  4 giant cockroaches
  8 hobgoblins
  4 quokkas
  7 ball pythons
  9 bats
  2 frilled lizards
  15 goblins
  5 kobolds
  5 rats
89 creatures vanquished.

Notes
Turn   | Place    | Note
-------+----------+-------------------------------------------
     0 | D:1      | voltaire321 the Deep Elf Earth Elementalist began the quest
                  | for the Orb.
     0 | D:1      | Reached XP level 1. HP: 10/10 MP: 6/6
   669 | D:1      | Reached XP level 2. HP: 15/15 MP: 6/8
  1903 | D:1      | Reached XP level 3. HP: 8/20 MP: 6/9
  2268 | D:2      | Noticed Natasha
  2383 | D:2      | Killed Natasha
  2384 | D:2      | Reached skill level 1 in Fighting
  2388 | D:2      | Noticed Natasha
  2402 | D:2      | Killed Natasha
  2403 | D:2      | Reached skill level 1 in Unarmed Combat
  2403 | D:2      | Reached XP level 4. HP: 15/25 MP: 5/11
  2530 | D:2      | Found Xeleehu's Magic Scroll Shoppe.
  2935 | D:2      | Bought a scroll of identify for 24 gold pieces
  3012 | D:2      | Reached XP level 5. HP: 29/29 MP: 9/12
  3014 | D:2      | Found a faded altar of an unknown god.
  3061 | D:2      | Noticed Natasha
  3067 | D:2      | Killed Natasha
  3298 | D:2      | Noticed Robin
  3312 | D:2      | Killed Robin
  3899 | D:3      | Learned a level 2 spell: Passwall
  3903 | D:3      | Learned a level 3 spell: Stone Arrow
  4002 | D:3      | Reached XP level 6. HP: 14/35 MP: 14/14
  4365 | D:3      | Found a hide-covered altar of Uskayaw.
  4391 | D:3      | Learned a level 3 spell: Spider Form
  4488 | D:3      | Found an ornate altar of the Wu Jian Council.
  4553 | D:3      | Noticed Terence
  4595 | D:3      | Killed Terence
  4898 | D:3      | Found a runed translucent door.
  4899 | D:3      | Noticed Crazy Yiuf
  4908 | D:3      | Killed Crazy Yiuf
  5125 | D:3      | Found an opulent altar of Gozag.
  5214 | D:4      | Got Sif Muna's Disquisition on Earthen Dislocation
  5876 | D:4      | Found Hoez's Assorted Antiques.
  5957 | D:4      | Found a shadowy altar of Dithmenos.
  5987 | D:4      | Found a runed translucent gate.
  5987 | D:4      | Found a runed translucent gate.
  5987 | D:4      | Found a runed translucent gate.
  5987 | D:4      | Noticed McGhostyFace's ghost (amateur GnDe)
  6281 | D:5      | Entered Level 5 of the Dungeon
  6527 | D:5      | Shot with an arrow by a centaur

Illustrated notes

Levels and vault maps discovered:
D:1:      roderic_octagonal_star, layout_basic
D:2:      layout_rooms, serial_shops, shop, ebering_ecumenical_altar_rust,
          uniq_natasha, uniq_robin
D:3:      layout_rooms, mainiacjoe_overflow_swirl,
          eat_drink_and_be_merry_uskayaw, uniq_crazy_yiuf_cottage, uniq_terence
D:4:      layout_loops_cross, grunt_dithmenos_smoke, ebering_ghost_rock_garden,
          serial_shops, shop_fountains
D:5:      layout_layer_cave, nzn_hepliaklqana_mist_gate

Skill      XL: |  1  2  3  4  5  6 |
---------------+-------------------+-----
Fighting       | 1 |  1.9
Dodging        | 3 4 |  4.1
Transmutations | 2 3 |  3.1
Unarmed Combat | 1 |  1.9
Spellcasting   | 4 |  4.5
Earth Magic    | 4 |  4.2
Stealth        | |  2.4

Action                   |  1- 3 |  4- 6 || total
-------------------------+-------+-------++-------
Melee: Dagger            |    83 |   133 ||   216
       Punch             |       |     2 ||     2
 Cast: Sandblast         |    19 |    76 ||    95
       Stone Arrow       |       |     7 ||     7
  Use: Scroll            |       |     9 ||     9
 Stab: Sleeping          |     7 |     3 ||    10
Armor: Robe              |     8 |    28 ||    36
Dodge: Dodged            |    44 |   122 ||   166

Table legend: (Time is in decaauts)
 A = Elapsed time spent in this place.
 B = Non-inter-level travel time spent in this place.
 C = Inter-level travel time spent in this place.
 D = Time resting spent in this place.
 E = Time spent auto-exploring this place.
 F = Levels seen in this place.
 G = Mean time per level.
                   A        B        C        D        E       F      G
               +--------+--------+--------+--------+--------+-----+--------+
         Total |   6526 |   6442 |     84 |   2998 |   2483 |   5 | 1305.2 |
       Dungeon |   6526 |   6442 |     84 |   2998 |   2483 |   5 | 1305.2 |
               +--------+--------+--------+--------+--------+-----+--------+

Top non-repeatable levels by time:
     D:1: 2308 daAuts
     D:2: 1573 daAuts
     D:3: 1315 daAuts
     D:4: 1084 daAuts
     D:5: 245 daAuts
